 Dungeon Crawl Stone Soup version 0.31-a0-949-g57150269e1 (webtiles) character file.

Game seed: 14341739452152731532

217 oldriver the Trooper (level 5, 0/43 HPs)
             Began as a Mummy Fighter on Oct 23, 2023.
             Slain by an orc
             ... wielding a +0 dagger
              (3 damage)
             ... on level 3 of the Dungeon.
             The game lasted 00:04:06 (2382 turns).

oldriver the Trooper (Mummy Fighter)                Turns: 2382, Time: 00:04:07

Health: 0/43       AC:  6    Str: 21    XL:     5   Next: 61%
Magic:  5/5        EV:  9    Int:  8    God:
Gold:   73         SH:  5    Dex: 11    Spells: 4/4 levels left

rFire   x . .        a - +0 flail
rCold   + . .        c - +1 buckler
rNeg    + + +        b - +0 scale mail
rPois   ∞            (no helmet)
rElec   .            (no cloak)
rCorr   .            (no gloves)
SInv    .            (no boots)
Will    .....        (no amulet) Stlth
                     (no ring)
HPRegen 0.27/turn    (no ring)
MPRegen 0.09/turn

%: faith
@: no status effects
A: cold resistance 1, negative energy resistance 3, torment resistance 2, heat
vulnerability 1, in touch with death 1, no potions, faith
a: no special abilities


You were on level 3 of the Dungeon.
You visited 1 branch of the dungeon, and saw 3 of its levels.

You collected 73 gold pieces.

Inventory:

Hand Weapons
 a - a +0 flail (weapon)
Missiles
 d - 8 poisoned darts
 k - 6 stones (quivered)
Armour
 b - a +0 scale mail (worn)
 c - a +1 buckler (worn)
Scrolls
 e - a scroll of immolation
 f - a scroll of fog
 g - a scroll of fear {unknown}
 l - 2 scrolls of poison


   Skills:
 + Level 4.4 Fighting
 * Level 4.1 Maces & Flails
 - Level 2.4 Armour
 - Level 2.4 Shields


You had 4 spell levels left.
You didn't know any spells.
Your spell library contained the following spells:

 Spells                   Type           Power      Damage    Failure   Level
 Apportation              Tloc           0%         N/A       83%         1
 Necrotise                Necr           0%         1d4       83%         1
 Summon Small Mammal      Summ           0%         N/A       83%         1
 Call Canine Familiar     Summ           0%         N/A       99%         3
 Ignite Poison            Fire/Tmut/Pois 0%         N/A       99%         3
 Summon Guardian Golem    Hex/Summ       0%         N/A       99%         3
 Sticky Flame             Conj/Fire      0%         2d3       100%        4
 Ignition                 Fire           0%         3d3       100%        8


Dungeon Overview and Level Annotations

Branches:
Dungeon (3/15)

Altars:


Innate Abilities, Weirdness & Mutations

You are immune to poison.
Your flesh is cold resistant. (rC+)
You are immune to negative energy. (rN+++)
You are immune to unholy pain and torment.
You are vulnerable to heat. (rF-)
You are in touch with the powers of death.
You do not drink.
You have a special connection with the divine. (Faith)


Message History

The orc hits you with a +0 dagger.
You are too injured to fight recklessly!
You are too injured to fight recklessly!
You are too injured to fight recklessly!
You barely miss the orc priest.
The orc priest is almost dead.
The orc hits you with a +0 dagger. You block the orc priest's attack.
The orc hits you but does no damage.
You hit the orc priest but do no damage.
The orc priest is almost dead.
The orc hits you but does no damage. You block the orc priest's attack.
You block the orc's attack.
You hit the orc priest but do no damage.
The orc priest is almost dead.
The orc hits you but does no damage.
The orc priest looks encouraged for a moment.
You block the orc's attack. The orc closely misses you.
The orc priest hits you with a +0 club. The orc closely misses you.
You hit the orc priest but do no damage.
The orc priest is almost dead.
You block the orc priest's attack. The orc hits you with a +0 club.
The orc closely misses you.
You barely miss the orc priest.
The orc priest is almost dead.
The orc priest invokes the aid of Beogh against you.
Beogh smites you!
* * * LOW HITPOINT WARNING * * *
The orc barely misses you. The orc hits you but does no damage.
Unknown command.
You barely miss the orc priest.
The orc priest is almost dead.
The orc hits you with a +0 dagger.
* * * LOW HITPOINT WARNING * * *
The orc priest closely misses you. The orc hits you with a +0 club.
* * * LOW HITPOINT WARNING * * *
Unknown command.
You sock the orc priest!
You kill the orc priest!
The orc hits you with a +0 dagger.
You die...

........#
###......##.####.†##...
####..####...
####...##.........
##.###..#####...............##
#..#.........#....#####..###
#####....######....### #..#
#........####.....## ###.#
#.....#....##.#..#### #.).###
########......o)o...#####†....#
#......##@###o.o........##
#>.....##.# ####.).......#
#......##.# ##.###......
#......#..# ##..# #....#.
#......#.#####..## ##.###
########.##....## #.###.
##.....##....#### #o....
##.........#### #.....
#..........# #o....


You could see 2 orcs.

Vanquished Creatures
  A bullfrog (D:2)
  An orc priest (D:3)
  Terence (D:3)
  A gnoll (D:2)
  5 adders
  4 worms
  2 orcs (D:3)
  6 ball pythons
  3 endoplasms
  6 goblins
  5 hobgoblins
  6 jackals
  4 kobolds
  A quokka (D:3)
  7 bats
  4 frilled lizards
  5 rats
62 creatures vanquished.

Notes
Turn   | Place    | Note
-------+----------+-------------------------------------------
     0 | D:1      | oldriver the Mummy Fighter began the quest for the Orb.
     0 | D:1      | Reached XP level 1. HP: 18/18 MP: 1/1
    40 | D:1      | Found a faded altar of an unknown god.
   125 | D:1      | Reached XP level 2. HP: 21/24 MP: 2/2
   884 | D:2      | Identified the +4 robe "Xoxtadaxe" {Rampage Str-3 Int+7
                  | Dex+3}
   997 | D:2      | Reached XP level 3. HP: 23/29 MP: 3/3
  1554 | D:2      | Reached XP level 4. HP: 37/37 MP: 4/4
  1715 | D:3      | Noticed a bullfrog
  1802 | D:2      | Killed a bullfrog
  1803 | D:2      | Reached XP level 5. HP: 36/42 MP: 5/5
  2046 | D:3      | Noticed Terence
  2077 | D:3      | Killed Terence
  2381 | D:3      | HP: 2/43 [orc/+0 club (4)]
  2382 | D:3      | Slain by an orc

Illustrated notes

Levels and vault maps discovered:
D:1:      wander_arrival_fairy_ring, layout_basic,
          hellmonk_ecumenical_altar_blasted, hex_intersection, minivault_27,
          serial_bayou_lagoon_b
D:2:      wander_river, layout_basic, minmay_3d_cube
D:3:      layout_rooms, supply_closet_lemuel, minmay_quantized, uniq_terence

Skill      XL: |  1  2  3  4  5 |
---------------+----------------+-----
Maces & Flails | 2 3 4 |  4.1
Fighting       | 4 |  4.4
Armour         | |  2.4
Shields        | |  2.4

Action                     |  1- 3 |  4- 6 || total
---------------------------+-------+-------++-------
  Melee: Flail             |   103 |   141 ||   244
  Throw: Dart              |       |    11 ||    11
         Stone             |       |     7 ||     7
    Use: Scroll            |     5 |     2 ||     7
 Armour: Scale mail        |    91 |   123 ||   214
  Dodge: Dodged            |    67 |    85 ||   152
  Block: Buckler           |    20 |    36 ||    56

Table legend: (Time is in decaauts)
 A = Elapsed time spent in this place.
 B = Non-inter-level travel time spent in this place.
 C = Inter-level travel time spent in this place.
 D = Time resting spent in this place.
 E = Time spent auto-exploring this place.
 F = Levels seen in this place.
 G = Mean time per level.
                   A        B        C        D        E       F      G
               +--------+--------+--------+--------+--------+-----+--------+
         Total |   2503 |   2359 |    144 |    197 |   1473 |   3 |  834.3 |
       Dungeon |   2503 |   2359 |    144 |    197 |   1473 |   3 |  834.3 |
               +--------+--------+--------+--------+--------+-----+--------+

Top non-repeatable levels by time:
     D:2: 1034 daAuts
     D:1: 805 daAuts
     D:3: 664 daAuts
